 Dungeon Crawl Stone Soup version 0.19.4-8-ga85b6b9 (webtiles) character file.

38054 doot the Ripper (level 13, -6/55 HPs)
             Began as a Felid Berserker on Feb 11, 2017.
             Was a High Priest of Jiyva.
             Killed from afar by an electric eel (10 damage)
             ... with a bolt of electricity
             ... on level 4 of the Lair of Beasts on Feb 12, 2017.
             The game lasted 02:21:30 (34267 turns).

doot the Ripper (Felid Berserker)                  Turns: 34267, Time: 02:21:30

Health: -6/55      AC:  8    Str:  9    XL:     13   Next: 61%
Magic:  14/14      EV: 34    Int:  9    God:    Jiyva [*****.]
Gold:   2807       SH:  0    Dex: 28    Spells: 0 memorised, 12 levels left
                                        Lives:  0   Deaths: 4

rFire  . . .     SeeInvis +       - Unarmed
rCold  + + .     Gourm    .     (armour unavailable)
rNeg   . . .     Faith    .     (shield unavailable)
rPois  .         Spirit   .     (helmet unavailable)
rElec  .         Reflect  .     (cloak unavailable)
rCorr  +         Harm     .     (gloves unavailable)
MR     +....     Clarity  +     (boots unavailable)
Stlth  +++++++++.               X - amulet of rage
                                F - ring of protection from cold
                                l - ring of stealth

@: quick
A: no armour, no weapons or thrown items, stealth, claws 1, fangs 3, iridescent
scales 1, rugged brown scales 1, slimy green scales 1, camouflage 1, see
invisible, agile 2, blink, carnivore 3, clarity, speed 1, shaggy fur 3, slow
metabolism 1, wild magic 1, eyeballs 1, sharp paws
a: Blink, Request Jelly, Slimify, Cure Bad Mutation, Renounce Religion, Evoke
Berserk Rage


You were on level 4 of the Lair of Beasts.
You worshipped Jiyva.
Jiyva was extremely pleased with you.
You were very full.

You visited 6 branches of the dungeon, and saw 30 of its levels.

You collected 2807 gold pieces.

Inventory:

Jewellery
 l - a ring of stealth (left paw)
 F - a ring of protection from cold (right paw)
 G - an uncursed amulet of magic regeneration
 Q - an uncursed amulet of guardian spirit
 X - an amulet of rage (around neck)
Wands
 i - a wand of enslavement (18/24)
 o - a wand of heal wounds (4/9)
 p - a wand of flame (18/48)
 q - a wand of paralysis (16/24)
 u - a wand of paralysis (13/24)
 x - a wand of acid (7/15)
 z - a wand of slowing (23/48)
 D - a wand of digging (7/24)
 H - a wand of confusion (34/48)
 K - a wand of polymorph (13/24)
 M - a wand of slowing (32/48)
 O - a wand of lightning (9/15)
 R - a wand of disintegration (7/24)
 U - a wand of flame (31/48)
 W - a wand of iceblast (5/15)
Scrolls
 b - 2 scrolls of amnesia
 d - 14 scrolls of remove curse
 e - 12 scrolls of identify
 g - 7 scrolls of immolation
 m - 4 scrolls of magic mapping
 n - a scroll of holy word {unknown}
 s - a scroll of blinking
 v - 6 scrolls of fog
 w - 3 scrolls of silence {unknown}
 y - a scroll of acquirement {unknown}
 A - 2 scrolls of fear
 B - a scroll of summoning {unknown}
 C - 4 scrolls of noise {unknown}
 E - 2 scrolls of enchant weapon {unknown}
 J - a scroll of torment {unknown}
 V - a scroll of random uselessness {unknown}
Potions
 c - 8 potions of curing
 f - 4 potions of cure mutation
 h - a potion of ambrosia
 j - a potion of haste
 k - 5 potions of heal wounds
 t - a potion of invisibility
 L - a potion of brilliance
 N - a potion of mutation
 T - a potion of cancellation
Books
 P - a book of Transfigurations

   Spells                             Type                      Level
   a - Irradiate                      Conjuration/Transmutation    5
   b - Statue Form                    Transmutation/Earth          6
   c - Hydra Form                     Transmutation                6
   d - Dragon Form                    Transmutation                7
 S - a book of Callings

   Spells                             Type                      Level
   a - Summon Small Mammal            Summoning                    1
   b - Call Imp                       Summoning                    2
   c - Call Canine Familiar           Summoning                    3
   d - Summon Guardian Golem          Hexes/Summoning              3
   e - Summon Lightning Spire         Summoning/Air                4
   f - Summon Ice Beast               Ice/Summoning                4
 Z - a book of Callings

   Spells                             Type                      Level
   a - Summon Small Mammal            Summoning                    1
   b - Call Imp                       Summoning                    2
   c - Call Canine Familiar           Summoning                    3
   d - Summon Guardian Golem          Hexes/Summoning              3
   e - Summon Lightning Spire         Summoning/Air                4
   f - Summon Ice Beast               Ice/Summoning                4
Miscellaneous
 I - a fan of gales
 Y - a phantom mirror
Comestibles
 a - 11 meat rations
 r - 4 beef jerkies


   Skills:
 + Level 5.3 Fighting
 * Level 13.9 Dodging
 + Level 17.6 Stealth
 * Level 19.0 Unarmed Combat
 + Level 1.2 Evocations


You had 12 spell levels left.
You didn't know any spells.

Dungeon Overview and Level Annotations

Branches:
Dungeon (15/15)            Temple (1/1) D:7            Lair (6/6) D:11
  Swamp (0/4) Lair:4        Snake (0/4) Lair:3        Slime (5/5) Lair:5
    Orc (2/2) D:10            Elf (1/3) Orc:2        Vaults (0/5) D:14
 Depths: D:15

Altars:
Ashenzari
Cheibriados
Dithmenos
Elyvilon
Fedhas
Gozag
Hepliaklqana
Kikubaaqudgha
Makhleb
Nemelex Xobeh
Okawaru
Qazlal
Ru
Sif Muna
Trog
Uskayaw
Vehumet
Xom
Yredelemnul
Zin
The Shining One
Beogh
Jiyva

Shops:
D:9 !   D:10 (   Orc:2 }?}

Annotations:
D:15 Paps's ghost, journeyman TrFi
Slime:2 Agrougrou's ghost, adept MiFi
Slime:5 Royal Jelly


Innate Abilities, Weirdness & Mutations

You cannot wear armour.
You are incapable of wielding weapons or throwing items.
Your paws allow you to move quietly. (Stealth)
You have sharp claws.
You have razor-sharp teeth.
You have supernaturally acute eyesight. (SInv)
You are carnivorous and can eat meat at any time.
You cover ground quickly.
Your thick and shaggy fur keeps you warm. (AC +3, rC+)
You have a slow metabolism.
Your sharp claws are effective at attacking unaware monsters.
You are partially covered in iridescent scales. (AC +2)
You are partially covered in rugged brown scales. (AC +1, +3% HP)
You are partially covered in slimy green scales. (AC +2)
Your skin changes colour to match your surroundings (Stealth+).
You are very agile. (Dex +4)
You can translocate small distances at will.
You possess an exceptional clarity of mind.
Your spells are a little harder to cast, but a little more powerful.
Your body has grown golden eyes which may confuse attackers. (Acc +3)


Message History

The bolt of electricity hits the electric eel.
The electric eel completely resists.
The bolt of electricity hits you!
The electric eel shoots out a bolt of lightning at you!
The bolt of electricity hits you!
You claw the electric eel!
You bite the electric eel, but do no damage.
The electric eel is almost dead.
The electric eel shoots out a bolt of lightning at you!
The bolt of electricity misses you.
The electric eel shoots out a bolt of lightning at you!
The bolt of electricity hits you!
* * * LOW HITPOINT WARNING * * *
The electric eel shoots out a bolt of lightning at you!
The bolt of electricity hits the electric eel.
The electric eel completely resists.
The bolt of electricity hits you!
* * * LOW HITPOINT WARNING * * *
The electric eel shoots out a bolt of lightning at you!
The bolt of electricity hits the electric eel.
The electric eel completely resists.
The bolt of electricity hits you!
You die...

### ## #.##.### ##......##
#.§....... #§.§§§≈...##
########.§§§;≈≈..§##
###.##.#P§..;§§≈≈....####
#..........@≈;;;§§......#
#.<.........^≈;;§§......####
#..............§§§.........#
##.......................##..
#...............P#.......+...
##..........###..........###.
#..........# ##.#.......####
#####...#### ###...#'##.#
##..#.# #.....#### #


You could see 7 electric eels.

Vanquished Creatures
  Gastronok (Lair:3)
  A stone giant (Orc:1)
  Nessos (Lair:4)
  2 centaur warriors
  6 hydras
  The ghost of vatarom the Fighter, a novice DsMo of Qazlal (D:11)
  4 spriggan berserkers (D:14)
  2 orc high priests (Orc:2)
  An unseen horror (D:13)
  Pikel (D:4)
  3 hill giants (D:13)
  A lindwurm (Lair:2)
  An orc knight (Orc:2)
  5 deep elf magi
  3 orc sorcerers (Orc:2)
  A mana viper (shapeshifter) (D:12)
  7 ugly things
  3 cyclopes
  An oklob plant (D:11)
  9 elephants
  A manticore (D:11)
  The ghost of Paps the Ruffian, a novice TrFi (D:4)
  3 centaur zombies
  2 centaur skeletons
  A gargoyle (D:13)
  6 black mambas
  A rime drake (shapeshifter) (D:15)
  11 spiny frogs
  A kobold demonologist (D:14)
  5 komodo dragons
  A rime drake (Lair:5)
  3 trolls
  A hornet (D:12)
  2 two-headed ogres
  9 blink frogs
  4 dream sheep (Lair:5)
  7 hippogriffs
  2 vampires
  2 shadows (D:13)
  2 wraiths (D:13)
  40 yaks
  3 wyverns
  A fire elemental (Elf:1)
  2 basilisks
  4 hungry ghosts
  9 vampire mosquitoes (D:13)
  A mottled dragon (D:13)
  4 wargs
  A soldier ant (D:14)
  A naga (Lair:3)
  3 water moccasins
  8 porcupines
  A black bear (Lair:5)
  2 necrophages
  20 orc warriors
  3 phantoms
  5 ice beasts
  6 sky beasts
  6 wolves
  19 ogres
  12 centaurs
  9 crocodiles
  16 bullfrogs
  4 big kobolds
  3 scorpions
  A wyvern skeleton (D:11)
  14 killer bees
  3 wights (D:10)
  2 electric eels
  4 howler monkeys
  11 crimson imps
  2 bullfrog zombies
  3 jellies
  3 quasits
  4 bullfrog skeletons
  8 hounds
  16 orc priests
  4 iguanas
  11 worker ants
  27 orc wizards
  3 hound skeletons
  A worker ant zombie (D:11)
  12 adders
  3 shadow imps
  2 oozes (D:1)
  An adder zombie (D:5)
  2 worms
  A dart slug (D:1)
  5 leopard geckos
  92 orcs
  3 ball pythons
  4 giant cockroaches
  6 goblins
  4 hobgoblins
  2 jackals (D:9)
  24 kobolds
  4 quokkas
  7 bats
  4 frilled lizards
  A quokka skeleton (D:6)
  3 rats
  6 plants (D:11)
605 creatures vanquished.

Vanquished Creatures (collateral kills)
  An orc warlord (Orc:2)
  The ghost of dngmouse the Grappler, a journeyman MiTm of Cheibriados (Orc:2)
  A hydra (D:12)
  2 orc high priests (Orc:2)
  4 death yaks (Lair:4)
  3 orc knights (Orc:2)
  3 orc sorcerers (Orc:2)
  2 trolls (Orc:1)
  A hippogriff (Lair:1)
  A basilisk (Lair:1)
  9 yaks (Lair:1)
  3 orc warriors (Orc:2)
  2 ogres (Orc:1)
  3 orc priests (Orc:2)
  4 gnolls (Orc:1)
  3 orcs (Orc:2)
43 creatures vanquished.

Vanquished Creatures (others)
  3 acid blobs
  2 great orbs of eyes (Slime:5)
  A vault guard (D:14)
  An ogre mage (D:14)
  A deep elf mage (Elf:1)
  An elephant (Slime:1)
  A shining eye (Slime:5)
  A troll (D:14)
  2 polar bears
  26 slime creatures
  A water moccasin (Lair:5)
  2 slaves (D:4)
  3 black bears
  A phantom (D:10)
  An eye of draining (Slime:1)
  3 big kobolds (D:14)
  A bullfrog (Lair:5)
  2 orc priests (D:4)
  72 jellies
  An orc wizard (Orc:2)
  A shadow imp (D:14)
  3 orcs (D:11)
  3 kobolds (D:14)
  8 fungi
  3 plants
144 creatures vanquished.

Grand Total: 792 creatures vanquished

Notes
Turn   | Place    | Note
-------+----------+-------------------------------------------
     0 | D:1      | doot the Felid Berserker began the quest for the Orb.
     0 | D:1      | Reached XP level 1. HP: 10/10 MP: 2/2
   311 | D:1      | Reached XP level 2. HP: 13/14 MP: 3/3
  1119 | D:2      | Reached XP level 3. HP: 17/17 MP: 4/4
  1199 | D:2      | Found a burning altar of Makhleb.
  1199 | D:2      | Found a glowing golden altar of the Shining One.
  1364 | D:2      | Found a shadowy altar of Dithmenos.
  1772 | D:2      | Found a deep blue altar of Sif Muna.
  2055 | D:3      | Reached ** piety under Trog
  2151 | D:3      | Reached skill level 1 in Stealth
  2151 | D:3      | Reached XP level 4. HP: 21/21 MP: 5/5
  2244 | D:3      | Noticed a sky beast
  2259 | D:3      | Killed a sky beast
  2259 | D:3      | Reached skill level 5 in Dodging
  2259 | D:3      | Reached skill level 4 in Unarmed Combat
  2259 | D:3      | Reached XP level 5. HP: 10/24 MP: 6/6
  2924 | D:4      | Noticed Paps's ghost (novice TrFi)
  3143 | D:4      | Killed Paps's ghost
  3143 | D:4      | Reached skill level 6 in Unarmed Combat
  3143 | D:4      | Gained mutation: You are covered in thick fur. (AC +2) [Felid growth]
  3143 | D:4      | Reached XP level 6. HP: 28/28 MP: 7/7
  3143 | D:4      | Reached XP level 7. HP: 31/31 MP: 8/8
  3336 | D:4      | Noticed Pikel
  3443 | D:4      | Killed Pikel
  3443 | D:4      | Reached skill level 7 in Unarmed Combat
  3443 | D:4      | Reached XP level 8. HP: 35/35 MP: 9/9
  4042 | D:5      | Entered Level 5 of the Dungeon
  4288 | D:5      | Reached skill level 8 in Unarmed Combat
  4921 | D:6      | Reached *** piety under Trog
  5298 | D:6      | Reached XP level 9. HP: 38/38 MP: 10/10
  5425 | D:6      | Reached skill level 9 in Unarmed Combat
  5599 | D:7      | Found a white marble altar of Elyvilon.
  5940 | D:7      | Found an opulent altar of Gozag.
  6069 | D:7      | Gained mutation: Your thick and shaggy fur keeps you warm. (AC +3, rC+) [mutagenic meat]
  6070 | D:7      | Gained mutation: You have a pair of small horns on your head. [mutagenic meat]
  6072 | D:7      | Gained mutation: Your magical capacity is low. (-10% MP) [mutagenic meat]
  6073 | D:7      | Gained mutation: Your spells are a little easier to cast, but a little less powerful. [mutagenic meat]
  6074 | D:7      | Gained mutation: Your muscles are strong. (Str +2) [mutagenic meat]
  6426 | D:7      | Reached skill level 10 in Stealth
  6620 | D:7      | Found a staircase to the Ecumenical Temple.
  6768 | Temple   | Entered the Ecumenical Temple
  7093 | D:8      | Reached skill level 10 in Unarmed Combat
  7098 | D:8      | Reached **** piety under Trog
  7507 | D:8      | Reached XP level 10. HP: 42/42 MP: 10/10
  8487 | D:9      | Found a blossoming altar of Fedhas.
  8491 | D:9      | Found Ufuxufozxi's Distillery.
  8521 | D:9      | Reached skill level 11 in Unarmed Combat
  8962 | D:9      | Found a bloodstained altar of Trog.
  9087 | D:9      | Found a bloodstained altar of Trog.
  9152 | D:10     | Entered Level 10 of the Dungeon
  9171 | D:10     | Found a staircase to the Orcish Mines.
  9212 | D:10     | Slain by a warg
  9213 | D:10     | Reached XP level 9. HP: -1/39 MP: 9/9
  9235 | D:10     | You fall through a shaft for 2 floors!
  9275 | D:12     | Noticed a troll
  9298 | D:12     | Killed a troll
  9361 | D:12     | Reached ***** piety under Trog
  9611 | D:12     | Reached XP level 10. HP: 42/42 MP: 10/10
  9638 | D:12     | Noticed a gargoyle
  9809 | D:12     | Noticed a mana viper
  9814 | D:12     | Killed a mana viper
  9814 | D:12     | Reached skill level 12 in Unarmed Combat
  9818 | D:12     | Gained mutation: Your flesh is heat resistant. (rF+) [mutagenic meat]
  9919 | D:13     | Noticed a centaur warrior
  9979 | D:11     | Noticed vatarom's ghost (novice DsMo)
  9992 | D:11     | Noticed an oklob plant
 10530 | D:11     | Noticed a manticore
 10532 | D:11     | Killed a manticore
 11077 | D:11     | Killed vatarom's ghost
 11077 | D:11     | Reached XP level 11. HP: 17/46 MP: 10/10
 11619 | D:11     | Found a staircase to the Lair.
 11754 | D:11     | Noticed a six-headed hydra
 11760 | D:11     | Lost mutation: Your muscles are strong. (Str +2) [mutagenic meat]
 11761 | D:11     | Gained mutation: You expend magic power (3 MP) to strengthen your wands. [mutagenic meat]
 11764 | D:11     | Gained mutation: You possess an exceptional clarity of mind. [mutagenic meat]
 11769 | D:11     | Killed a six-headed hydra
 11769 | D:11     | Reached skill level 10 in Dodging
 12180 | D:12     | Paralysed by a hornet for 2 turns
 12456 | D:12     | Reached skill level 13 in Unarmed Combat
 13330 | D:10     | Reached ****** piety under Trog
 14023 | D:10     | Lost mutation: You possess an exceptional clarity of mind. [mutagenic meat]
 14024 | D:10     | Gained mutation: You are agile. (Dex +2) [mutagenic meat]
 14072 | D:10     | Found Ehoeprui's Antique Weapon Shoppe.
 14127 | Orc:1    | Entered Level 1 of the Orcish Mines
 14502 | D:13     | Shot with an arrow by a centaur warrior
 14503 | D:13     | Reached XP level 10. HP: -5/43 MP: 10/10
 14843 | Orc:2    | Entered Level 2 of the Orcish Mines
 14847 | Orc:2    | Found a roughly hewn altar of Beogh.
 14847 | Orc:2    | Noticed an orc high priest
 14852 | Orc:2    | Noticed an orc sorcerer
 14857 | Orc:2    | Noticed an orc sorcerer
 14862 | Orc:2    | Killed an orc sorcerer
 14865 | Orc:2    | Killed an orc sorcerer
 14865 | Orc:2    | Reached skill level 14 in Unarmed Combat
 14870 | Orc:2    | Killed an orc high priest
 14870 | Orc:2    | Reached XP level 11. HP: 40/46 MP: 10/10
 15123 | Orc:2    | Noticed dngmouse's ghost (journeyman MiTm)
 15177 | Orc:2    | Killed dngmouse's ghost
 15233 | Orc:2    | Found a staircase to the Elven Halls.
 15252 | Orc:2    | Noticed an orc knight
 15273 | Orc:2    | Noticed an orc warlord
 15740 | Orc:1    | Reached skill level 15 in Stealth
 16118 | Orc:1    | Noticed a stone giant
 16129 | Orc:1    | Killed a stone giant
 16307 | Orc:2    | Demolished by an orc warlord
 16308 | Orc:2    | Reached XP level 10. HP: -18/43 MP: 10/10
 16333 | Orc:2    | Killed an orc warlord
 16382 | Elf:1    | Entered Level 1 of the Elven Halls
 16382 | Elf:1    | Noticed a deep elf mage
 16382 | Elf:1    | Noticed a deep elf mage
 16383 | Elf:1    | Noticed a deep elf mage
 16383 | Elf:1    | Noticed a deep elf mage
 16536 | D:13     | Killed a centaur warrior
 16548 | D:13     | Noticed an unseen horror
 16565 | D:13     | Killed an unseen horror
 16565 | D:13     | Reached XP level 11. HP: 45/46 MP: 10/10
 16609 | D:13     | Noticed a hill giant
 16661 | D:13     | Killed a hill giant
 16661 | D:13     | Reached skill level 15 in Unarmed Combat
 16792 | D:13     | Noticed a four-headed hydra
 16819 | D:13     | Noticed a hill giant
 16826 | D:13     | Killed a hill giant
 17048 | D:13     | Noticed a hill giant
 17055 | D:13     | Killed a hill giant
 17225 | D:13     | Killed a four-headed hydra
 17664 | D:13     | Found a shattered altar of Ashenzari.
 17716 | D:13     | Noticed a cyan ugly thing
 17727 | D:13     | Killed a cyan ugly thing
 17731 | D:13     | Gained mutation: Your skin changes colour to match your surroundings (Stealth+). [mutagenic meat]
 17868 | D:13     | Noticed a six-headed hydra
 18136 | D:12     | Noticed an eight-headed hydra
 18152 | D:12     | Killed an eight-headed hydra
 18192 | D:13     | Killed a six-headed hydra
 18343 | D:14     | Noticed a deep elf mage
 18344 | D:14     | Killed a deep elf mage
 18578 | Orc:2    | Killed an orc knight
 18578 | Orc:2    | Mutation became permanent: Your thick and shaggy fur keeps you warm. (AC +3, rC+) [Felid growth]
 18578 | Orc:2    | Reached XP level 12. HP: 43/51 MP: 11/11
 19241 | Orc:2    | Noticed an orc high priest
 19242 | Orc:2    | Noticed an orc high priest
 19283 | Orc:2    | Reached skill level 16 in Unarmed Combat
 19287 | Orc:2    | Killed an orc high priest
 19292 | Orc:2    | Noticed an orc high priest
 19568 | Orc:2    | Killed an orc high priest
 19573 | Orc:2    | Killed an orc high priest
 19576 | Orc:2    | Found Uculloex's Gadget Shop.
 19576 | Orc:2    | Found Tyijusaj's Magic Scroll Shoppe.
 19578 | Orc:2    | Found Onisch's Gadget Shoppe.
 19578 | Orc:2    | Found Bocleshroy's Book Shop.
 20175 | Lair:1   | Entered Level 1 of the Lair of Beasts
 20369 | Lair:1   | Lost mutation: Your magical capacity is low. (-10% MP) [potion of cure mutation]
 20369 | Lair:1   | Lost mutation: Your spells are a little easier to cast, but a little less powerful. [potion of cure mutation]
 20369 | Lair:1   | Lost mutation: Your flesh is heat resistant. (rF+) [potion of cure mutation]
 20369 | Lair:1   | Lost mutation: You expend magic power (3 MP) to strengthen your wands. [potion of cure mutation]
 20369 | Lair:1   | Lost mutation: You are agile. (Dex +2) [potion of cure mutation]
 21059 | Lair:1   | Noticed a five-headed hydra
 21065 | Lair:1   | Killed a five-headed hydra
 21065 | Lair:1   | Reached skill level 5 in Fighting
 22147 | Lair:2   | Reached skill level 17 in Unarmed Combat
 22202 | Lair:2   | Reached XP level 13. HP: 48/54 MP: 11/14
 22236 | Lair:2   | Found a shadowy altar of Dithmenos.
 22703 | Lair:3   | Noticed Gastronok
 22709 | Lair:3   | Killed Gastronok
 23344 | Lair:3   | Found a staircase to the Snake Pit.
 23492 | Lair:3   | Gained mutation: Your spells are a little harder to cast, but a little more powerful. [potion of mutation]
 23492 | Lair:3   | Gained mutation: You possess an exceptional clarity of mind. [potion of mutation]
 23492 | Lair:3   | Gained mutation: You are agile. (Dex +2) [potion of mutation]
 24147 | Lair:4   | Noticed Nessos
 24182 | Lair:4   | Found a staircase to the Swamp.
 24261 | Lair:4   | Killed Nessos
 25695 | Lair:5   | Reached skill level 18 in Unarmed Combat
 25942 | Lair:5   | Found a viscous altar of Jiyva.
 25942 | Lair:5   | Found a staircase to the Slime Pits.
 25991 | Lair:5   | Fell from the grace of Trog
 25991 | Lair:5   | Became a worshipper of Jiyva Jialygi the Shapeless
 25994 | Slime:1  | Entered Level 1 of the Pits of Slime
 26023 | Slime:3  | Noticed an azure jelly
 26025 | Slime:3  | Noticed an acid blob
 26071 | Slime:5  | Entered Level 5 of the Pits of Slime
 26071 | Slime:5  | Noticed a death ooze
 26200 | Slime:5  | Noticed an acid blob
 26209 | Slime:5  | Noticed an acid blob
 26210 | Slime:5  | Found a viscous altar of Jiyva.
 26211 | Slime:5  | Noticed an azure jelly
 26212 | Slime:5  | Noticed the Royal Jelly
 26213 | Slime:5  | Noticed an acid blob
 26221 | Slime:5  | Noticed an acid blob
 26236 | Slime:5  | Noticed an acid blob
 26283 | Slime:5  | Noticed an acid blob
 26402 | Slime:5  | Killed an acid blob
 26604 | Slime:1  | Noticed an acid blob
 26608 | Slime:1  | Killed an acid blob
 26609 | Slime:1  | Noticed an azure jelly
 26610 | Slime:1  | Noticed a death ooze
 26728 | Slime:1  | Noticed an acid blob
 27298 | Lair:5   | HP: 1/54 [komodo dragon (28)]
 27622 | Slime:2  | Noticed Agrougrou's ghost (adept MiFi)
 27748 | Slime:1  | Killed an acid blob
 27988 | Lair:5   | Mangled by a five-headed hydra
 27989 | Lair:5   | Reached XP level 12. HP: -10/47 MP: 13/13
 28656 | Orc:1    | Reached * piety under Jiyva
 29088 | Orc:2    | Reached ** piety under Jiyva
 29214 | Orc:2    | Reached *** piety under Jiyva
 29218 | Orc:2    | Gained mutation: You have a small jelly attached to you that senses nearby items. [Jiyva's grace]
 29379 | Orc:2    | Reached **** piety under Jiyva
 29475 | D:10     | Gained mutation: You are very agile. (Dex +4) [Jiyva's grace]
 29654 | D:9      | Lost mutation: You have a small jelly attached to you that senses nearby items. [Jiyva's grace]
 29827 | D:8      | Reached ***** piety under Jiyva
 29903 | D:8      | Gained mutation: You can translocate small distances at will. [Jiyva's grace]
 30756 | D:14     | Reached XP level 13. HP: 54/54 MP: 14/14
 31131 | Lair:3   | Lost mutation: You have a pair of small horns on your head. [Jiyva's grace]
 31309 | Lair:6   | Entered Level 6 of the Lair of Beasts
 31878 | Lair:5   | Noticed an acid blob
 31993 | Lair:3   | Gained mutation: You are partially covered in slimy green scales. (AC +2) [Jiyva's grace]
 32605 | Elf:1    | Gained mutation: You are partially covered in iridescent scales. (AC +2) [Jiyva's grace]
 32659 | Elf:1    | Reached skill level 1 in Evocations
 33153 | D:14     | Gained mutation: You are partially covered in rugged brown scales. (AC +1, +3% HP) [Jiyva's grace]
 33375 | D:14     | Gained mutation: Your body has grown golden eyes which may confuse attackers. (Acc +3) [Jiyva's grace]
 33702 | D:14     | Found a gate to the Vaults.
 33936 | D:15     | Entered Level 15 of the Dungeon
 33936 | D:15     | Noticed Paps's ghost (journeyman TrFi)
 33993 | D:15     | Reached skill level 19 in Unarmed Combat
 34267 | Lair:4   | Killed from afar by an electric eel

Skill      XL: |  1  2  3  4  5  6  7  8  9 10 11 12 13 |
---------------+----------------------------------------+-----
Stealth        | 1 2 4 6 8 11 14 16 17 | 17.6
Dodging        | 5 6 7 8 9 12 13 | 13.9
Unarmed Combat | 4 6 7 8 10 14 15 17 19 | 19.0
Fighting       | 4 5 |  5.3
Evocations     | 1 |  1.2

Action                   |  1- 3 |  4- 6 |  7- 9 | 10-12 | 13-15 || total
-------------------------+-------+-------+-------+-------+-------++-------
Melee: Unarmed           |   115 |    68 |   258 |   919 |   482 ||  1842
       Bite              |     9 |     6 |    27 |   109 |    73 ||   224
       Punch             |     2 |     1 |    12 |    70 |    54 ||   139
       Headbutt          |       |       |    20 |   197 |    72 ||   289
Invok: Berserk           |     6 |     3 |    12 |    27 |     1 ||    49
       Burn Spellbooks   |       |       |       |     3 |       ||     3
       Brothers in Arms  |       |       |       |     8 |     1 ||     9
       Request Jelly     |       |       |       |     5 |     2 ||     7
       Slimify           |       |       |       |       |     5 ||     5
 Abil: Evoke Berserk Rag |       |       |       |       |     6 ||     6
       Blink             |       |       |       |       |     2 ||     2
Evoke: Wand              |       |       |       |       |     1 ||     1
  Use: Scroll            |       |       |       |    12 |     3 ||    15
       Potion            |       |       |       |     1 |    12 ||    13
 Stab: Sleeping          |     5 |       |    33 |    48 |    28 ||   114
       Distracted        |       |       |     2 |    17 |     2 ||    21
  Eat: Chunk             |     6 |     5 |    33 |    45 |     9 ||    98
       Pizza             |       |       |     1 |     1 |       ||     2
       Royal jelly       |       |       |       |     1 |       ||     1
       Beef jerky        |       |       |       |     2 |     2 ||     4
Armor: Skin              |     4 |     1 |     2 |    26 |    14 ||    47
Dodge: Dodged            |    86 |    66 |   194 |   642 |   343 ||  1331
